 Dungeon Crawl Stone Soup version 0.31-a0-986-g5e6e4ef867 (webtiles) character file.

Game seed: 8551298427863732520

273772 Lobster4 the Geomancer (level 19, -9/148 HPs)
             Began as a Mummy Earth Elementalist on Nov 21, 2023.
             Was the Champion of Vehumet.
             Mangled by a dire elephant (25 damage)
             ... on level 1 of the Vaults on Nov 22, 2023.
             The game lasted 03:14:39 (61051 turns).

Lobster4 the Geomancer (Mummy Earth Elementalist)  Turns: 61051, Time: 03:14:39

Health: -9/148     AC: 22    Str: 11    XL:     19   Next: 51%
Magic:  0/46       EV: 14    Int: 27    God:    Vehumet [******]
Gold:   239        SH: 13    Dex: 16    Spells: 9/47 levels left

rFire   + . .        k - +6 hand axe of Metemoaq {flame, Fragile Will+ Dex+2 SInv Stlth+}
rCold   + . .        d - +2 buckler
rNeg    + + +        u - +2 ring mail {rF+}
rPois   ∞            Y - +2 helmet
rElec   +            z - +2 cloak
rCorr   +            N - +2 pair of gloves "Emathal" {MP+9}
SInv    +            X - +2 pair of boots
Will    +++..        W - amulet of Gulorch {Reflect rElec rCorr SH+5}
Stlth   ++           e - ring "Dasic" {rPois rF+ rCorr}
HPRegen 0.44/turn    y - +6 ring of intelligence
MPRegen 0.30/turn

%: reflection, faith
@: studying Long Blades
A: cold resistance 1, negative energy resistance 3, torment resistance 2, heat
vulnerability 1, in touch with death 2, no potions, faith
}: 2/15 runes: decaying, serpentine
a: Renounce Religion


You were on level 1 of the Vaults.
You worshipped Vehumet.
Vehumet was exalted by your worship.
You visited 8 branches of the dungeon, and saw 35 of its levels.
You visited 1 bazaar.
You also visited: Gauntlet.

You collected 3218 gold pieces.
You spent 2979 gold pieces at shops.

Inventory:

Hand Weapons
 k - the +6 hand axe of Metemoaq (weapon) {flame, Fragile Will+ Dex+2 SInv Stlth+}
   (You found it on level 2 of the Dungeon)

   Dex+2:     It affects your dexterity (+2).
   Will+:     It increases your willpower.
   SInv:      It lets you see invisible.
   Fragile:   It will be destroyed if unequipped.
   Stlth+:    It makes you more stealthy.
 E - a +1 sling of freezing
Missiles
 f - 26 poisoned darts (quivered)
 G - 4 curare-tipped darts
Armour
 d - a +2 buckler (worn)
 r - the +4 ring mail "Hicwibul" {rPois Will+}
   (You found it on level 15 of the Dungeon)

   rPois:     It protects you from poison Will+: It increases your willpower.
 u - a +2 ring mail of fire resistance (worn)
 z - a +2 cloak (worn)
 N - the +2 pair of gloves "Emathal" (worn) {MP+9}
   (You acquired it on level 4 of the Snake Pit)

   MP+9:      It affects your magic capacity (+9).
 V - the +3 scale mail "Ozelokk" {Will+ Regen+ Int+5}
   (You found it on level 5 of the Lair of Beasts)

   Int+5:     It affects your intelligence (+5).
   Will+:     It increases your willpower.
   Regen+:    It increases your rate of health regeneration.
 X - a +2 pair of boots (worn)
 Y - a +2 helmet (worn)
Magical Staves
 A - the staff of Trial by Ordeal {rPois Str+4 Dex+3 Poison}
   (You took it off a deep elf pyromancer on level 3 of the Elven Halls)

   [staff of poison]

   Base accuracy: +5 Base damage: 5 Base attack delay: 1.2 This weapon's minimum
   attack delay (0.6) is reached at skill level 12.
   Str+4:     It affects your strength (+4).
   Dex+3:     It affects your dexterity (+3).
   rPois:     It protects you from poison Poison: It increases the power of your
   Poison spells.
   It falls into the 'Staves' category.
   It is a one-handed weapon.
 U - a staff of earth
Jewellery
 a - the ring of the King {rCorr MP+9 SInv}
   (You bought it in a shop in a bazaar)

   [ring of see invisible]

   MP+9:      It affects your magic capacity (+9).
   SInv:      It lets you see invisible.
   rCorr:     It protects you from acid and corrosion.
 c - a ring of willpower
 e - the ring "Dasic" (left hand) {rPois rF+ rCorr}
   (You acquired it on level 3 of the Dungeon)

   [ring of resist corrosion]

   rF+:       It protects you from fire.
   rPois:     It protects you from poison rCorr: It protects you from acid and
   corrosion.
 q - a ring of protection from cold
 s - the ring of Rymec {Fly rElec rC+ Str+5 Int-2}
   (You bought it in a shop on level 1 of the Snake Pit)

   [ring of flight]

   Str+5:     It affects your strength (+5).
   Int-2:     It affects your intelligence (-2).
   rC+:       It protects you from cold.
   rElec:     It insulates you from electricity.
   Fly:       It grants you flight.
 y - a +6 ring of intelligence (right hand)
 P - a ring of fire
 W - the amulet of Gulorch (around neck) {Reflect rElec rCorr SH+5}
   (You acquired it on level 3 of the Dungeon)

   [amulet of reflection]

   Reflect:   It reflects blocked missile attacks.
   rElec:     It insulates you from electricity.
   rCorr:     It protects you from acid and corrosion.
   SH+5:      It affects your SH (+5).
Wands
 p - a wand of mindburst (14)
 t - a wand of acid (15)
 v - a wand of iceblast (22)
 x - a wand of flame (44)
 L - a wand of paralysis (20)
Scrolls
 g - 2 scrolls of immolation
 h - 2 scrolls of poison
 i - 6 scrolls of fog
 m - 7 scrolls of teleportation
 o - a scroll of revelation
 w - 5 scrolls of amnesia
 B - 2 scrolls of silence
 C - 6 scrolls of noise
 F - 2 scrolls of blinking
 I - 2 scrolls of fear
 O - 2 scrolls of torment
 R - a scroll of enchant armour
Miscellaneous
 b - a box of beasts (inert)
 j - a phantom mirror (inert)
 l - a phial of floods (inert)
 Q - a condenser vane (inert)


   Skills:
 + Level 12.7 Fighting
 - Level 6.0 Axes
 - Level 1.0 Staves
 - Level 1.0 Throwing
 + Level 9.8 Armour
 + Level 8.1 Dodging
 - Level 2.0 Stealth
 + Level 9.1 Shields
 + Level 14.8 Spellcasting
 * Level 14.6 Conjurations
 - Level 3.0 Necromancy
 - Level 1.0 Transmutations
 - Level 5.0 Air Magic
 * Level 14.9 Earth Magic
 - Level 5.0 Evocations


You had 9 spell levels left.
You knew the following spells:

 Your Spells              Type           Power      Damage    Failure   Level
a - Sandblast             Erth           100%       2d20      0%          1
b - Stone Arrow           Conj/Erth      100%       3d13      1%          3
c - Bombard               Conj/Erth      39%        9d7       1%          6
d - Mephitic Cloud        Conj/Pois/Air  53%        N/A       1%          3
e - Kiss of Death         Conj/Necr      100%       2d13      1%          1
f - Arcjolt               Conj/Air       32%        1d42      1%          5
g - Iskenderun's Battles  Conj           78%        2d13      1%          5
l - Lee's Rapid Deconstr  Erth           39%        3d19*     1%          5
o - Orb of Destruction    Conj           39%        9d11      4%          7
p - Passwall              Tmut/Erth      48%        N/A       1%          2

Your spell library contained the following spells:

 Spells                   Type           Power      Damage    Failure   Level
 Polar Vortex             Ice            10%        12d1*     100%        9
 Freeze                   Ice            80%        1d9       1%          1
 Necrotise                Necr           100%       1d9       1%          1
 Momentum Strike          Conj/Tloc      100%       3d10      1%          2
 Poisonous Vapours        Pois/Air       66%        N/A       1%          2
 Searing Ray              Conj           100%       2d8       1%          2
 Dazzling Flash           Conj/Hex       100%       N/A       1%          3
 Hailstorm                Conj/Ice       56%        3d12      1%          3
 Brom's Barrelling Bould  Conj/Erth      79%        2d9       1%          4
 Sticky Flame             Conj/Fire      56%        2d7       1%          4
 Swiftness                Air            47%        N/A       2%          3
 Petrify                  Tmut/Erth      58%        N/A       2%          4
 Cigotuvi's Dreadful Rot  Necr/Pois/Air  100%       N/A       3%          2
 Animate Armour           Summ/Erth      100%       N/A       3%          4
 Leda's Liquefaction      Hex/Erth       28%        N/A       3%          4
 Freezing Cloud           Conj/Ice/Air   26%        6-21      3%          5
 Sting                    Tmut/Pois      88%        1d7       5%          1
 Frozen Ramparts          Ice            40%        1d7       5%          3
 Ignite Poison            Fire/Tmut/Pois 21%        N/A       5%          3
 Inner Flame              Hex/Fire       20%        N/A       5%          3
 Volatile Blastmotes      Fire/Tloc      40%        2d13      5%          3
 Vampiric Draining        Necr           69%        2d10      6%          3
 Slow                     Hex            80%        N/A       7%          1
 Summon Small Mammal      Summ           80%        N/A       7%          1
 Blink                    Tloc           40%        N/A       11%         2
 Ensorcelled Hibernation  Hex/Ice        40%        N/A       11%         2
 Lesser Beckoning         Tloc           40%        N/A       11%         2
 Starburst                Conj/Fire      28%        6d9       13%         6
 Olgreb's Toxic Radiance  Pois           20%        N/A       17%         4
 Call Canine Familiar     Summ           20%        N/A       21%         3
 Confusing Touch          Hex            20%        N/A       21%         3
 Sigil of Binding         Hex            20%        N/A       21%         3
 Summon Guardian Golem    Hex/Summ       20%        N/A       21%         3
 Animate Dead             Necr           69%        N/A       21%         4
 Dispel Undead            Necr           69%        3d23      21%         4
 Summon Lightning Spire   Summ/Air       33%        N/A       24%         4
 Lehudib's Crystal Spear  Conj/Erth      39%        10d10     26%         8
 Yara's Violent Unravell  Hex/Tmut       11%        3d6       36%         5
 Agony                    Necr           69%        N/A       50%         5
 Dimensional Bullseye     Hex/Tloc       10%        N/A       56%         4
 Summon Ice Beast         Ice/Summ       20%        N/A       56%         4
 Plasma Beam              Fire/Air       16%        2x1d28    65%         6
 Summon Forest            Summ/Tloc      10%        N/A       88%         5
 Summon Mana Viper        Hex/Summ       20%        N/A       88%         5
 Shatter                  Erth           39%        3d31*     96%         9
 Death Channel            Necr           34%        N/A       97%         6
 Simulacrum               Ice/Necr       29%        N/A       99%         6
 Summon Cactus Giant      Summ           10%        N/A       100%        6
 Haunt                    Necr/Summ      29%        N/A       100%        7
 Ignition                 Fire           10%        3d5       100%        8
 Infestation              Necr           34%        N/A       100%        8
 Maxwell's Capacitive Co  Air            23%        ∞         100%        8
 Chain Lightning          Conj/Air       32%        3d42      100%        9
 Dragon's Call            Summ           10%        N/A       100%        9
 Fire Storm               Conj/Fire      28%        8d7       100%        9


Dungeon Overview and Level Annotations

Branches:
Dungeon (15/15)            Temple (1/1) D:4            Lair (5/5) D:9
  Swamp (4/4) Lair:2        Snake (4/4) Lair:3        Slime (0/5) Lair:5
    Orc (2/2) D:9             Elf (3/3) Orc:2        Vaults (1/5) D:13
 Depths (0/4) D:15        Gauntlet (visited)

Altars:
Ashenzari
Cheibriados
Dithmenos
Fedhas
Gozag
Hepliaklqana
Kikubaaqudgha
Makhleb
Nemelex Xobeh
Okawaru
Qazlal
Ru
Sif Muna
Trog
Uskayaw
Vehumet
Wu Jian
Xom
Yredelemnul
Jiyva
Lugonu

Shops:
D:2 ?   D:3 ?   D:6 [   D:10 *   D:15 !   Orc:1 !   Orc:2 *[([   Elf:1 (
Elf:2 ??   Snake:1 !!=[

Portals:
Abyss: Lair:5
Trove: D:11 (show abyssal rune of Zot)

Annotations:
Swamp:4 1 runed translucent door, mewnfare's ghost, adept FoFi
Snake:4 2 runed translucent doors, Vashnia; d4rk's ghost, adept DsGl


Innate Abilities, Weirdness & Mutations

You are immune to poison.
Your flesh is cold resistant. (rC+)
You are immune to negative energy. (rN+++)
You are immune to unholy pain and torment.
You are vulnerable to heat. (rF-)
You are strongly in touch with the powers of death.
You do not drink.
You have a special connection with the divine. (Faith)


Message History

You hit the dire elephant. You burn the dire elephant.
You hit the dire elephant but do no damage.
You block the dire elephant's attack. The dire elephant trunk-slaps you!
The dire elephant tramples you but does no damage.
You block the dire elephant's attack. x2; The dire elephant barely misses you.
You hit the dire elephant. You burn the dire elephant.
The dire elephant is severely wounded.
You hit the dire elephant but do no damage.
You hit the dire elephant. You burn the dire elephant.
The dire elephant barely misses you. You block the dire elephant's attack.
The dire elephant tramples you!
* * * LOW HITPOINT WARNING * * *
You hold your ground!
You block the dire elephant's attack. The dire elephant closely misses you.
You block the dire elephant's attack.
Okay, then.
Unknown command.
You can't drink.
Okay, then.
Unknown command.
Casting: Sandblast (safe; 0% risk of failure)
Confirm with . or Enter, or press ? or * to list all spells.
Electricity surges outward!
The dire elephant is struck by an electric surge!!
The dire elephant is almost dead.
The dire elephant is struck by an electric surge!
The dire elephant is almost dead.
The dire elephant is struck by an electric surge!
The dire elephant is severely wounded.
Your battlesphere fires!
The barrage of energy hits the dire elephant!
The dire elephant is almost dead.
The dire elephant tramples you!
* * * LOW HITPOINT WARNING * * *
You hold your ground!
The dire elephant closely misses you. The dire elephant tramples you!
* * * LOW HITPOINT WARNING * * *
You hold your ground!
The dire elephant trunk-slaps you but does no damage.
The dire elephant tramples you!!
You die...

..........#....).)))........>..#
..........#......##...#...#...##
.......[.#......###.###.###.##
........#......##...#.).#...#
#########......###.........##
#......# ##.#...#.##### ########
####÷####....
###############)####....
.......@...........#...>
.#.*..YYY#.......#.+....
...................#....
#######'###'########....
#.........# ##### #...#†#...#
#.........# #####'##### #...#


You could see 3 dire elephants and a friendly battlesphere.

Vanquished Creatures
  Nikola (Snake:2)
  Jorgrun (Elf:1)
  Zenata (Elf:3)
  A sphinx (Vaults:1)
  2 deep elf master archers (Elf:3)
  3 thorn hunters
  Kirke (Lair:4)
  6 nagarajas
  A deep elf sorcerer (Elf:2)
  Louise (Elf:3)
  10 deep elf elementalists (Elf:3)
  A vault warden (Vaults:1)
  3 orc warlords
  2 ironbound preservers
  A dire elephant (Vaults:1)
  2 eleionomae
  3 deep elf demonologists
  8 deep elf annihilators
  6 deep elf death magi
  3 bunyips
  An ettin (D:15)
  Snorg (Lair:4)
  A fire dragon (D:14)
  A shambling mangrove (Swamp:3)
  2 deep elf high priests
  A vault guard (Vaults:1)
  3 salamander tyrants (Snake:4)
  22 hydras
  7 alligators
  An ironbound frostheart (Vaults:1)
  6 two-headed ogres
  A catoblepas (Lair:3)
  12 anacondas
  5 centaur warriors
  A ghost crab (Swamp:4)
  26 dancing weapons
  2 boulder beetles
  13 naga warriors
  3 orc high priests (Orc:2)
  4 thrashing horrors (Lair:5)
  8 shock serpents
  3 tengu warriors
  A hell knight (D:15)
  8 naga sharpshooters
  17 deep elf knights
  3 skeletal warriors (D:14)
  A skyshark (Lair:2)
  3 salamander mystics
  5 goliath frogs
  A swamp dragon (shapeshifter) (D:15)
  8 spriggan druids
  11 swamp dragons (Swamp:4)
  15 deep elf archers
  An arcanist (Vaults:1)
  8 naga ritualists
  8 bog bodies
  3 orc knights
  A necromancer (Gauntlet)
  7 lindwurms (Vaults:1)
  42 deep elf pyromancers
  29 deep elf zephyrmancers
  10 ugly things
  5 orc sorcerers
  11 mana vipers
  An oklob plant (Lair:2)
  A salamander (shapeshifter) (Lair:5)
  2 will-o-the-wisps
  5 cyclopes
  Maurice (D:10)
  14 salamanders
  4 manticores
  31 black mambas
  12 guardian serpents
  2 vault sentinels (Vaults:1)
  2 smoke demons (Lair:5)
  3 torpor snails
  15 naga magi
  Maggie (D:6)
  A guardian serpent (shapeshifter) (D:15)
  9 cane toads
  4 rime drakes
  Psyche (D:9)
  6 komodo dragons
  7 yaktaurs (Vaults:1)
  An efreet (D:15)
  4 tengu conjurers
  A freezing wraith (D:15)
  A meliai (shapeshifter) (Lair:5)
  2 polar bears
  9 tyrant leeches
  4 trolls
  8 hornets
  A queen bee (shapeshifter) (Elf:2)
  A queen bee (D:10)
  A bloated husk (Swamp:1)
  20 blink frogs
  2 wind drakes (shapeshifter)
  2 raiju (Lair:5)
  2 large abominations (Lair:5)
  5 flying skulls (Gauntlet)
  24 slime creatures
  3 air elementals
  12 spriggans
  2 water elementals
  A shadow (D:10)
  21 yaks
  3 wyverns
  A ynoxinul (Lair:5)
  2 hogs (Lair:4)
  5 basilisks
  3 fire elementals
  11 vampire mosquitoes
  A golden eye (shapeshifter) (Lair:5)
  A chaos spawn (Lair:5)
  Grum (D:11)
  2 steam dragons
  Menkaure (D:4)
  2 wargs
  An acid dragon (D:10)
  17 swamp worms
  29 nagas
  23 water moccasins
  26 orc warriors
  7 swamp drakes
  2 ice beasts
  3 black bears
  6 ogres
  17 wolves
  4 centaurs
  2 kobold brigands
  An earth elemental (Elf:2)
  7 bullfrogs
  12 small abominations (Lair:5)
  2 gnoll sergeants
  2 scorpions
  4 wights
  32 killer bees
  5 electric eels
  A howler monkey (D:13)
  3 hounds
  3 lava snakes (Lair:3)
  4 jellies
  23 orc priests
  2 gnoll boudas
  5 hell rats (Lair:1)
  3 iguanas (D:5)
  A sleepcap (D:5)
  10 orc wizards
  19 gnolls
  9 adders
  3 shadow imps
  16 white imps
  6 ufetubi
  2 dart slugs (D:4)
  80 orcs
  5 ball pythons
  5 endoplasms
  7 goblins
  9 hobgoblins
  9 jackals
  19 kobolds
  A quokka (D:3)
  6 bats
  3 frilled lizards (D:1)
  3 rats
1120 creatures vanquished.

Vanquished Creatures (collateral kills)
  A minotaur (Gauntlet)
  A naga warrior (Snake:4)
  A naga sharpshooter (Snake:4)
  2 salamanders (Snake:4)
  A black mamba (Snake:4)
  A naga mage (Snake:4)
  3 nagas (Snake:4)
  A boulder (D:15)
11 creatures vanquished.

Vanquished Creatures (others)
  A naga mage (Snake:4)
  A kobold (D:9)
  2 boulders
4 creatures vanquished.

Grand Total: 1135 creatures vanquished

Notes
Turn   | Place    | Note
-------+----------+-------------------------------------------
     0 | D:1      | Lobster4 the Mummy Earth Elementalist began the quest for
                  | the Orb.
     0 | D:1      | Reached XP level 1. HP: 13/13 MP: 4/4
   422 | D:1      | Reached XP level 2. HP: 20/20 MP: 3/5
   425 | D:1      | Learned a level 2 spell: Passwall
  1166 | D:2      | Found Zoveil's Magic Scroll Boutique.
  1213 | D:2      | Identified the +6 hand axe of Metemoaq {flame, Fragile
                  | Will+ Dex+2 SInv Stlth+}
  1395 | D:2      | Found a faded altar of an unknown god.
  1578 | D:2      | Found a shimmering blue altar of Sif Muna.
  1617 | D:2      | Reached skill level 1 in Transmutations
  1725 | D:3      | Reached XP level 3. HP: 25/25 MP: 4/7
  1785 | D:3      | Learned a level 3 spell: Stone Arrow
  1881 | D:3      | Found Wupry's Magic Scroll Shoppe.
  1936 | D:3      | Reached skill level 1 in Conjurations
  2152 | D:3      | Identified a scroll of acquirement
  2156 | D:3      | Acquired the ring "Dasic" {rPois rF+ rCorr}
  2415 | D:3      | Bought a scroll of revelation for 75 gold pieces
  2447 | D:4      | Reached XP level 4. HP: 23/31 MP: 5/8
  2450 | D:4      | Reached skill level 1 in Fighting
  2986 | D:4      | Found a staircase to the Ecumenical Temple.
  2986 | D:4      | Noticed Menkaure
  3012 | D:4      | Killed Menkaure
  3013 | D:4      | Reached skill level 1 in Axes
  3013 | D:4      | Reached skill level 1 in Staves
  3013 | D:4      | Reached skill level 1 in Armour
  3013 | D:4      | Reached XP level 5. HP: 37/37 MP: 8/10
  3052 | Temple   | Entered the Ecumenical Temple
  3183 | D:4      | Reached XP level 6. HP: 43/43 MP: 8/11
  3360 | D:5      | Entered Level 5 of the Dungeon
  3815 | D:5      | You fall into a shaft and drop 2 floors!
  3835 | D:6      | Noticed Maggie
  3858 | D:5      | Found a basalt altar of Yredelemnul.
  3859 | D:5      | Found a radiant altar of Vehumet.
  3919 | D:5      | Became a worshipper of Vehumet
  4094 | D:5      | Reached skill level 1 in Evocations
  4688 | D:6      | Noticed an ice beast
  4837 | D:6      | Found an iron altar of Okawaru.
  4935 | D:6      | Reached XP level 7. HP: 50/50 MP: 3/12
  5178 | D:6      | Reached * piety under Vehumet
  5178 | D:6      | Offered knowledge of Freeze by Vehumet.
  5305 | D:6      | Found Leshim's Antique Armour Shoppe.
  5459 | D:6      | Reached skill level 1 in Throwing
  5530 | D:6      | Found a snail-covered altar of Cheibriados.
  6158 | D:7      | Reached XP level 8. HP: 54/57 MP: 9/14
  6666 | D:6      | Bought a pair of runed boots for 195 gold pieces
  6691 | D:7      | Noticed a two-headed ogre
  6696 | D:7      | Killed a two-headed ogre
  6697 | D:7      | Reached skill level 5 in Spellcasting
  6697 | D:7      | Reached skill level 5 in Earth Magic
  6942 | D:7      | Found a faded altar of an unknown god.
  6942 | D:7      | Found a hazy altar of Hepliaklqana.
  6944 | D:7      | Found a faded altar of an unknown god.
  7041 | D:8      | Reached XP level 9. HP: 48/65 MP: 10/16
  7169 | D:8      | Found an opulent altar of Gozag.
  7578 | D:8      | Offered knowledge of Searing Ray by Vehumet.
  8407 | D:9      | Found a staircase to the Lair.
  8454 | D:9      | Found a broken altar of Ashenzari.
  8490 | D:9      | Reached ** piety under Vehumet
  8516 | D:9      | Found an ancient bone altar of Kikubaaqudgha.
  8580 | D:9      | Reached skill level 1 in Shields
  8733 | D:9      | Found a staircase to the Orcish Mines.
  8922 | D:8      | Reached skill level 5 in Conjurations
  9846 | D:9      | Offered knowledge of Scorch by Vehumet.
  9948 | D:9      | Found a stormy altar of Qazlal.
 10012 | D:9      | Noticed Psyche
 10016 | D:9      | Killed Psyche
 10017 | D:9      | Reached XP level 10. HP: 73/73 MP: 8/19
 10146 | D:10     | Entered Level 10 of the Dungeon
 10257 | D:9      | Reached *** piety under Vehumet
 10258 | D:9      | Reached skill level 5 in Fighting
 10478 | D:9      | Noticed a two-headed ogre
 10484 | D:9      | Killed a two-headed ogre
 10816 | D:6      | Killed Maggie
 11236 | D:10     | Offered knowledge of Inner Flame by Vehumet.
 11580 | D:10     | Found Kukkidud's General Store.
 11817 | D:10     | Reached XP level 11. HP: 80/80 MP: 14/21
 11891 | D:10     | Found an ornate altar of the Wu Jian Council.
 12003 | D:10     | Noticed Maurice
 12011 | D:10     | Killed Maurice
 12158 | D:11     | Reached **** piety under Vehumet
 12161 | D:11     | Offered knowledge of Lee's Rapid Deconstruction by Vehumet.
 12172 | D:11     | Learned a level 5 spell: Lee's Rapid Deconstruction
 12331 | D:11     | Noticed Grum
 12333 | D:11     | Noticed a boulder beetle
 12385 | D:10     | Killed a boulder beetle
 12869 | D:2      | Bought a scroll of blinking for 105 gold pieces
 12869 | D:2      | Bought a scroll of revelation for 105 gold pieces
 13076 | D:11     | Found a portal to a secret trove of treasure.
 13462 | D:11     | Killed Grum
 13668 | D:12     | Identified the ring "Bashecef" {Ice rElec Will++ Str-4
                  | SInv}
 13797 | D:12     | Noticed a two-headed ogre
 13838 | D:12     | Noticed a boulder beetle
 13849 | D:12     | Killed a boulder beetle
 13870 | D:12     | Noticed a two-headed ogre
 13875 | D:12     | Killed a two-headed ogre
 14144 | D:12     | Reached skill level 5 in Armour
 14753 | D:12     | Noticed a two-headed ogre
 14760 | D:12     | Killed a two-headed ogre
 14821 | D:12     | Killed a two-headed ogre
 14822 | D:12     | Reached skill level 5 in Axes
 15087 | D:13     | Identified the "Erghoxkec"
 15087 | Lair:1   | Entered Level 1 of the Lair of Beasts
 15457 | Lair:1   | Reached ***** piety under Vehumet
 15457 | Lair:1   | Offered knowledge of Bombard by Vehumet.
 15467 | Lair:1   | Learned a level 6 spell: Bombard
 15482 | Lair:1   | Reached XP level 12. HP: 89/89 MP: 18/24
 15843 | Lair:2   | Found a staircase to the Swamp.
 16399 | Lair:2   | Noticed a six-headed hydra
 16404 | Lair:2   | Killed a six-headed hydra
 16638 | Lair:2   | Found a blossoming altar of Fedhas.
 17362 | Lair:3   | Reached skill level 5 in Shields
 17575 | Lair:3   | Found a staircase to the Snake Pit.
 17986 | Lair:3   | Noticed a catoblepas
 18138 | Lair:3   | Killed a catoblepas
 18970 | Lair:4   | Gained mutation: You are strongly in touch with the powers
                  | of death. [Mummy growth]
 18970 | Lair:4   | Reached XP level 13. HP: 86/98 MP: 11/26
 19080 | Lair:4   | Noticed Snorg
 19088 | Lair:4   | Killed Snorg
 19358 | Lair:4   | Offered knowledge of Fireball by Vehumet.
 19450 | Lair:4   | Identified the +0 flail of Gloom {venom, Drain rC- Str+5
                  | SInv}
 19745 | Lair:4   | Noticed Kirke
 19751 | Lair:4   | Killed Kirke
 20040 | Lair:5   | Entered Level 5 of the Lair of Beasts
 20150 | Lair:5   | Found a gate leading to a gauntlet.
 20153 | Lair:5   | Identified the +3 scale mail of Absolutism {+Inv rElec rF-
                  | Regen+}
 20165 | Gauntlet | Entered a Gauntlet
 20165 | Gauntlet | Found a transporter.
 20174 | Gauntlet | Found a transporter.
 20189 | Gauntlet | Found a transporter.
 20194 | Gauntlet | Found a transporter.
 20208 | Gauntlet | Noticed a reaper
 20215 | Gauntlet | Found a transporter.
 20228 | Gauntlet | Found a transporter.
 20237 | Gauntlet | Found a transporter.
 20252 | Gauntlet | Found a transporter.
 20264 | Gauntlet | Found a transporter.
 20276 | Gauntlet | Found a transporter.
 20282 | Gauntlet | Found a transporter.
 20282 | Gauntlet | Found a transporter.
 20321 | Gauntlet | Found a transporter.
 20346 | Gauntlet | Found a transporter.
 20348 | Gauntlet | Found a transporter.
 20368 | Gauntlet | Found a transporter.
 20446 | Gauntlet | Found a transporter.
 20466 | Gauntlet | Found a transporter.
 20873 | Gauntlet | Identified the +1 pair of gloves of the Flying Gods {Int+5}
 21068 | Gauntlet | Noticed a minotaur
 21081 | Gauntlet | Killed a minotaur
 21347 | Lair:5   | Reached skill level 10 in Earth Magic
 21574 | Lair:5   | Found a staircase to the Slime Pits.
 21612 | Lair:5   | Found a viscous altar of Jiyva.
 21726 | Lair:5   | Reached skill level 10 in Spellcasting
 22144 | Lair:5   | Learned a level 1 spell: Kiss of Death
 22205 | Lair:5   | Identified the +3 scale mail "Ozelokk" {Will+ Regen+ Int+5}
 22825 | Lair:5   | Reached skill level 1 in Necromancy
 23150 | Lair:5   | Identified the +8 orcbow of Hyfid {flame, Will+}
 23670 | Lair:5   | Reached skill level 10 in Conjurations
 23674 | Lair:5   | Reached XP level 14. HP: 95/106 MP: 8/28
 23818 | Lair:5   | Found a corrupted altar of Lugonu.
 23820 | Lair:5   | Found a one-way gate to the infinite horrors of the Abyss.
 24025 | Lair:5   | Learned a level 4 spell: Brom's Barrelling Boulder
 24171 | Orc:1    | Entered Level 1 of the Orcish Mines
 24426 | Orc:2    | Entered Level 2 of the Orcish Mines
 24430 | Orc:2    | Reached ****** piety under Vehumet
 24499 | Orc:2    | Noticed an orc warlord
 24529 | Orc:1    | Offered knowledge of Plasma Beam by Vehumet.
 24929 | D:13     | Found a gate to the Vaults.
 24929 | D:13     | Noticed an ironbound preserver
 24941 | D:13     | Killed an ironbound preserver
 28149 | D:15     | Entered Level 15 of the Dungeon
 28621 | D:3      | Bought a scroll of acquirement for 520 gold pieces
 28621 | D:3      | Acquired the amulet of Gulorch {Reflect rElec rCorr SH+5}
 28642 | D:3      | Bought a scroll of torment for 95 gold pieces
 28935 | D:15     | Found Gavitel's Distillery.
 29591 | D:15     | Identified the +4 ring mail "Hicwibul" {rPois Will+}
 30093 | D:15     | Found a staircase to the Depths.
 30292 | D:15     | Offered knowledge of Orb of Destruction by Vehumet.
 30301 | D:15     | Learned a level 7 spell: Orb of Destruction
 31090 | Snake:1  | Entered Level 1 of the Snake Pit
 31201 | Snake:1  | Found Fenlun's Armour Emporium.
 31204 | Snake:1  | Found Celeufyley's Jewellery Emporium.
 31204 | Snake:1  | Found Zalyduta's Distillery.
 31207 | Snake:1  | Found Atry's Distillery.
 32148 | Snake:1  | Reached XP level 15. HP: 115/115 MP: 4/30
 33483 | Snake:1  | Reached skill level 5 in Dodging
 33971 | Snake:1  | Learned a level 3 spell: Mephitic Cloud
 33972 | Snake:2  | Noticed Nikola
 33978 | Snake:2  | Killed Nikola
 34280 | Snake:2  | Reached skill level 10 in Fighting
 35391 | Snake:2  | Offered knowledge of Iskenderun's Battlesphere by Vehumet.
 35398 | Snake:2  | Learned a level 5 spell: Iskenderun's Battlesphere
 36545 | Snake:3  | Noticed a nagaraja
 36549 | Snake:3  | Killed a nagaraja
 37462 | Snake:4  | Entered Level 4 of the Snake Pit
 37482 | Snake:4  | Noticed a nagaraja
 38594 | Snake:4  | Reached XP level 16. HP: 106/123 MP: 28/32
 39087 | Snake:4  | Acquired the +2 pair of gloves "Emathal" {MP+9}
 39188 | Snake:4  | Offered knowledge of Arcjolt by Vehumet.
 39407 | Snake:4  | Learned a level 5 spell: Arcjolt
 39798 | Snake:4  | Found a large runed translucent door.
 39798 | Snake:4  | Found a large runed translucent door.
 39802 | Snake:4  | Noticed d4rk's ghost (adept DsGl)
 41271 | Snake:4  | Reached skill level 5 in Evocations
 41649 | Snake:4  | Noticed Vashnia
 42460 | Snake:4  | Offered knowledge of Starburst by Vehumet.
 42880 | Snake:4  | Got a serpentine rune of Zot
 43178 | Snake:1  | Bought the ring of Rymec {Fly rElec rC+ Str+5 Int-2} for
                  | 761 gold pieces
 43264 | Swamp:1  | Entered Level 1 of the Swamp
 43715 | Swamp:1  | You are sucked into a shaft and drop 1 floor!
 43785 | Swamp:2  | Noticed a thorn hunter
 43795 | Swamp:2  | Reached skill level 1 in Air Magic
 44891 | Swamp:2  | Reached XP level 17. HP: 131/131 MP: 33/34
 47226 | Swamp:4  | Identified the of Vuplem
 47226 | Swamp:4  | Entered Level 4 of the Swamp
 47594 | Swamp:4  | Offered knowledge of Polar Vortex by Vehumet.
 47594 | Swamp:4  | Offered knowledge of Maxwell's Capacitive Coupling by
                  | Vehumet.
 47902 | Swamp:4  | Found a runed translucent door.
 49020 | Swamp:4  | Got a decaying rune of Zot
 49085 | Swamp:4  | Noticed mewnfare's ghost (adept FoFi)
 50604 | Orc:2    | Found Ogostodgh's Armour Shop.
 50790 | Orc:2    | Found a staircase to the Elven Halls.
 50828 | Orc:1    | Found Ropromat's Distillery.
 51785 | Orc:2    | Found Xusatz's Assorted Antiques.
 51856 | Orc:2    | Found Moeriesa's Antique Weapon Shop.
 51858 | Orc:2    | Found Jometuf's Antique Armour Boutique.
 51871 | Orc:2    | Bought a glowing cloak for 277 gold pieces
 52180 | Vaults:5 | Identified the of Warri Nadi
 52180 | Vaults:5 | Identified the of Iluotrau
 52180 | Vaults:5 | Identified the of Xeinn
 52180 | Vaults:5 | Identified the of Engaxtin
 52180 | Crypt:3  | Identified the "Boinug"
 52180 | Depths:1 | Identified the "Abuitob"
 52180 | Depths:3 | Identified the "Cecoops"
 52180 | Elf:1    | Entered Level 1 of the Elven Halls
 52843 | Elf:1    | You fall into a shaft and drop 1 floor!
 52868 | Elf:2    | Reached XP level 18. HP: 86/140 MP: 35/35
 53062 | Elf:1    | Noticed Jorgrun
 53066 | Elf:1    | Killed Jorgrun
 53737 | Elf:1    | Found Josais's Antique Weapon Shop.
 54262 | Elf:1    | Paralysed by an air elemental for 1 turns
 54265 | Elf:1    | Paralysed by an air elemental for 1 turns
 54863 | Elf:2    | Found Veanugova's Magic Scroll Boutique.
 54868 | Elf:2    | Found Xeklim's Magic Scroll Boutique.
 55560 | Elf:2    | Found a runed translucent gate.
 55561 | Elf:2    | Found a runed translucent gate.
 55561 | Elf:2    | Found a runed translucent gate.
 56278 | Elf:3    | Identified the "Basu"
 56278 | Elf:3    | Identified the "Kico"
 56278 | Elf:3    | Entered Level 3 of the Elven Halls
 56385 | Elf:3    | Noticed Louise
 56389 | Elf:3    | Killed Louise
 56397 | Elf:3    | Paralysed by an air elemental for 1 turns
 56561 | Elf:3    | Identified the +3 trident of Winter {antimagic, rN+}
 57568 | Elf:3    | Reached XP level 19. HP: 147/147 MP: 32/37
 57876 | Elf:3    | Identified the +6 scale mail of the Sneaky Xalams {Str+4}
 57876 | Elf:3    | Identified the ring "Lusiemeg" {rN+ Int+6 Dex-2}
 58026 | Elf:3    | Identified the staff of Trial by Ordeal {rPois Str+4 Dex+3
                  | Poison}
 58027 | Elf:3    | Identified the +7 demon blade "Heurr" {elec, rPois}
 58273 | Elf:3    | Noticed Zenata
 58534 | Elf:3    | Identified the +1 spear "Bitudde" {drain, Fragile Fly rN+
                  | Int+3}
 58924 | Elf:3    | Killed Zenata
 59419 | Elf:3    | Identified the +10 orcbow of Plog {flame, rC++}
 59614 | Elf:3    | Identified the +1 scale mail of Valour {Fly Will+++ Slay+4
                  | Stlth-}
 59624 | Elf:3    | Identified the +1 sling of Noena {drain, Str+3}
 59634 | Elf:3    | Identified the staff "Giant's Regret" {MP-9 Int+7 Dex+3
                  | Conj}
 59649 | Elf:3    | Identified the serpent talisman "Ozutwiump" {rF+ Will+
                  | Int+2}
 60097 | Vaults:1 | Entered Level 1 of the Vaults
 60268 | Vaults:1 | Found a flickering gateway to a bazaar.
 60276 | Bazaar   | Entered a bazaar
 60281 | Bazaar   | Found Ciulluumm's Distillery.
 60288 | Bazaar   | Found Munwung's Magic Scroll Shoppe.
 60297 | Bazaar   | Found Fogizxew's Armour Boutique.
 60308 | Bazaar   | Found Xigrac's Jewellery Shoppe.
 60318 | Bazaar   | Bought the ring of the King {rCorr MP+9 SInv} for 558 gold
                  | pieces
 60337 | Bazaar   | Bought a scroll of silence for 114 gold pieces
 60337 | Bazaar   | Bought a scroll of teleportation for 36 gold pieces
 60337 | Bazaar   | Bought a scroll of poison for 48 gold pieces
 60337 | Bazaar   | Bought a scroll of revelation for 90 gold pieces
 60457 | Vaults:1 | Identified the +6 arbalest "Death Rattle" {flame, Contam
                  | rElec rPois rCorr}
 60461 | Vaults:1 | Identified the +2 arbalest "Bystriluo" {flame, Int+2}
 60521 | Vaults:1 | Reached skill level 5 in Air Magic
 61051 | Vaults:1 | Mangled by a dire elephant

Illustrated notes

Levels and vault maps discovered:
D:1:      dpeg_arrival_round_a, layout_basic
D:2:      layout_loops_ring, basic_altar, serial_shops, shop,
          chequers_ecumenical_altar_island
D:3:      layout_basic, serial_shops, shop
D:4:      layout_rooms, minmay_temple_entry_tees, serial_demonic,
          serial_demonic_c, serial_demonic_f, serial_demonic_a,
          serial_demonic_f, uniq_menkaure
D:5:      layout_loops_corners, mainiacjoe_overflow_divided_tiny,
          dk_noncrumbling_4, nicolae_tricolors
D:6:      layout_loops_corners, kennysheep_little_box,
          mainiacjoe_overflow_chevrons, serial_shops, shop_statue, uniq_maggie
D:7:      layout_rooms, nicolae_hepliaklqana_ecumenical_no_more
D:8:      layout_loops_ring, mainiacjoe_overflow_six_doors_small
D:9:      layout_big_octagon, mainiacjoe_overflow_tiny_flanked,
          ashenzari_conservatory_becter, kiku_gazebo_garden_becter, uniq_psyche
D:10:     layout_irregular_city, nicolae_overflow_hidden_temple, serial_shops,
          shop, nicolae_looking_at_the_future, uniq_maurice
D:11:     layout_long_grid, nicolae_trove_entry_free_sample,
          kennysheep_pointless_box, uniq_grum
D:12:     layout_irregular_city
D:13:     layout_irregular_city, skrybe_vaults_entry_preservation
D:14:     layout_stronghold, hangedman_decor_clover_reticule,
          minmay_diced_spiral
D:15:     hangedman_depths_entry_civil_slaughter, layout_loops_ring,
          nicolae_two_hexagons, serial_shops, nicolae_shop_industrial_runoff
Temple:   nicolae_temple_ecumenical_triangle
Lair:1:   layout_big_grid, grunt_megastairs_1, lemuel_fruit_tree
Lair:2:   layout_big_grid, skrybe_swamp_entry_bodies, tgw_fedhas
Lair:3:   layout_misc_corridors, nicolae_snake_entry_warm_welcome,
          cheibrodos_lair_reptile_den, grunt_megastairs_5
Lair:4:   layout_cave_shapes, gammafunk_lair_bear_cave, uniq_snorg, uniq_kirke
Lair:5:   hellmonk_lair_end_abyssal_woods, layout_gridlike,
          minmay_slime_entry_pillars, gauntlet_entry_generic
Swamp:1:  layout_falls_marsh, evilmike_swamp_ruin_house_2, swamp_pool_1_2,
          worms_lemuel
Swamp:2:  layout_basic_swamp, infiniplex_staircase_pool
Swamp:3:  layout_basic_swamp, serial_swamp_ruin, evilmike_swamp_ruin_house_4,
          hangedman_swamp_ruin_wall, swamp_pool_4,
          nicolae_swamp_orc_logging_accident
Swamp:4:  swamp_alternative, layout_basic_swamp, ebering_ghost_reflecting_pool,
          hangedman_swamp_diagram, swamp_pool_4
Snake:1:  cheibrodos_snake_ritualist_ritual, layout_cave_pods, minmay_shoptagon
Snake:2:  layout_gridlike, uniq_nikola
Snake:3:  layout_onion, st_stairs_14
Snake:4:  johnstein_snake_rune_scales, layout_layer_cave,
          ebering_ghost_disaster_area, hangedman_snake_corridor_cut
Orc:1:    layout_diamond_mine, serial_shops, nicolae_shop_stone,
          portal_ice_cave_entry_imps
Orc:2:    grunt_orc_community_town_hall, layout_caves,
          grunt_orc_community_big_house_2, grunt_orc_community_big_house_2,
          grunt_orc_community_house_2, grunt_orc_community_house_3,
          grunt_orc_community_house_3, grunt_orc_community_house_1,
          grunt_orc_community_house_1, nicolae_orc_stony_grotto
Elf:1:    nicolae_elf_arrival_fired_up, layout_geoelf_octagon, serial_shops,
          nicolae_shop_window_shopping, kennysheep_underground_church,
          uniq_jorgrun
Elf:2:    nicolae_elf_blades_crystal_corner, layout_rooms, kb_rosetta,
          minmay_shop_star
Elf:3:    minmay_elf_hall_curves, layout_loops_cross,
          amcnicky_mini_rare_corridor_liquid, minivault_27,
          hangedman_elven_pyramids, minmay_crystal_room, wad_floor_pattern_1,
          uniq_louise, uniq_zenata
Vaults:1: nicolae_vaults_circle_grid_a, nicolae_vaults_mitosis,
          nicolae_vaults_sealed_display, v_misc_23,
          nicolae_vaults_tetromino_L_1, vaults_room_fancy_cross,
          ontoclasm_vaults_idyll, nicolae_vaults_circle_grid_b,
          nicolae_vaults_yaktaur_gun_rack, hangedman_vaults_hat,
          nicolae_vaults_diagonal_hallway_7, v_misc_30, grunt_vaults_diagonal,
          ontoclasm_vaults_claustrophobia, nicolae_vaults_surprise_closet,
          layout_vaults_maze_snakey, serial_shops, bzr_entry_safe, shop

Skill      XL: |  1  2  3  4  5  6  7  8  9 10 11 12 13 14 15 16 17 18 19 |
---------------+----------------------------------------------------------+-----
Transmutations | 1 |  1.0
Spellcasting   | 3 4 5 6 7 8 9 10 11 12 13 14 | 14.8
Conjurations   | 1 2 3 4 5 6 7 8 10 11 12 13 14 | 14.6
Dodging        | 2 3 4 5 6 7 8 |  8.1
Stealth        | 2 |  2.0
Fighting       | 1 2 3 4 5 6 7 8 9 10 11 12 | 12.7
Earth Magic    | 3 4 5 6 7 8 9 10 11 12 13 14 | 14.9
Axes           | 1 2 3 4 5 6 |  6.0
Staves         | 1 |  1.0
Armour         | 1 2 3 4 5 6 7 8 9 |  9.8
Evocations     | 1 2 3 4 5 |  5.0
Throwing       | 1 |  1.0
Shields        | 2 3 4 5 6 7 8 9 |  9.1
Necromancy     | 1 3 |  3.0
Air Magic      | 1 3 4 5 |  5.0

Action                     |  1- 3 |  4- 6 |  7- 9 | 10-12 | 13-15 | 16-18 | 19-21 || total
---------------------------+-------+-------+-------+-------+-------+-------+-------++-------
  Melee: Dagger            |     5 |       |       |       |       |       |       ||     5
         Hand axe          |    16 |    23 |    59 |    35 |    92 |    36 |    12 ||   273
  Throw: Javelin           |       |     1 |       |       |       |       |       ||     1
         Dart              |       |     8 |    33 |    89 |    66 |    22 |     7 ||   225
   Cast: Sandblast         |    55 |    83 |   109 |   230 |   124 |   270 |    76 ||   947
         Stone Arrow       |       |     5 |    31 |   142 |   427 |   295 |    38 ||   938
         Lee's Rapid Decon |       |       |       |     9 |    26 |    76 |    59 ||   170
         Bombard           |       |       |       |       |   168 |   261 |    27 ||   456
         Kiss of Death     |       |       |       |       |     1 |       |       ||     1
         Brom's Barrelling |       |       |       |       |     3 |       |       ||     3
         Mephitic Cloud    |       |       |       |       |     1 |     8 |     2 ||    11
         Iskenderun's Batt |       |       |       |       |       |   155 |    21 ||   176
         Arcjolt           |       |       |       |       |       |    11 |     1 ||    12
         Orb of Destructio |       |       |       |       |       |     1 |     1 ||     2
  Evoke: Wand              |       |     4 |     8 |     8 |     9 |     1 |     1 ||    31
         Box of beasts     |       |       |       |       |       |     1 |     1 ||     2
         Phial of floods   |       |       |       |       |       |     1 |     1 ||     2
         Phantom mirror    |       |       |       |       |       |       |     1 ||     1
         Condenser vane    |       |       |       |       |       |       |     1 ||     1
    Use: Scroll            |     6 |     3 |     2 |     7 |     9 |    15 |     5 ||    47
   Stab: Sleeping          |       |     1 |     2 |     1 |       |       |       ||     4
         Distracted        |       |       |       |       |       |     1 |       ||     1
 Armour: Robe              |    24 |    28 |       |       |       |       |       ||    52
         Leather armour    |       |     5 |   199 |    14 |    40 |       |       ||   258
         Ring mail         |       |       |       |   219 |   326 |   384 |   100 ||  1029
  Dodge: Dodged            |    23 |    27 |   175 |   118 |   170 |   174 |    41 ||   728
  Block: Buckler           |       |       |    42 |    62 |   135 |   198 |    74 ||   511
         Reflection        |       |       |       |       |    20 |    41 |     9 ||    70

Table legend: (Time is in decaauts)
 A = Elapsed time spent in this place.
 B = Non-inter-level travel time spent in this place.
 C = Inter-level travel time spent in this place.
 D = Time resting spent in this place.
 E = Time spent auto-exploring this place.
 F = Levels seen in this place.
 G = Mean time per level.
                   A        B        C        D        E       F      G
               +--------+--------+--------+--------+--------+-----+--------+
         Total |  61659 |  57163 |   4496 |  22175 |  24627 |  37 | 1666.5 |
       Dungeon |  22241 |  19365 |   2876 |   6350 |   9616 |  15 | 1482.7 |
        Temple |      1 |      1 |      0 |      0 |      0 |   1 |    1.0 |
          Lair |   8385 |   7772 |    613 |   2647 |   3537 |   5 | 1677.0 |
         Swamp |   6577 |   6403 |    174 |   2718 |   2867 |   4 | 1644.2 |
     Snake Pit |  11851 |  11449 |    402 |   5345 |   4202 |   4 | 2962.8 |
  Orcish Mines |   2725 |   2608 |    117 |    597 |   1319 |   2 | 1362.5 |
   Elven Halls |   7791 |   7479 |    312 |   3734 |   2414 |   3 | 2597.0 |
        Vaults |    913 |    913 |      0 |    260 |    332 |   1 |  913.0 |
        Bazaar |     75 |     75 |      0 |      0 |     36 |   1 |   75.0 |
      Gauntlet |   1096 |   1096 |      0 |    523 |    304 |   1 | 1096.0 |
               +--------+--------+--------+--------+--------+-----+--------+

Top non-repeatable levels by time:
 Snake:4: 5021 daAuts
   Elf:3: 3227 daAuts
  Lair:5: 2957 daAuts
 Snake:1: 2651 daAuts
   Elf:1: 2597 daAuts
 Snake:3: 2484 daAuts
    D:14: 2233 daAuts
 Swamp:4: 2226 daAuts
     D:9: 2100 daAuts
 Swamp:3: 2086 daAuts
    D:15: 1970 daAuts
   Elf:2: 1967 daAuts
     D:8: 1944 daAuts
    D:10: 1926 daAuts
   Orc:2: 1904 daAuts
